 Dungeon Crawl Stone Soup version 0.31.0-11-ge490571c62 (webtiles) character file.

Game seed: 4110297245763263690

1162 Bobbunny the Fighter (level 8, -4/68 HPs)
             Began as a Formicid Fighter on Feb 3, 2024.
             Slain by an ogre
             ... wielding a +0 giant spiked club
              (11 damage)
             ... on level 4 of the Dungeon.
             The game lasted 00:03:00 (2791 turns).

Bobbunny the Fighter (Formicid Fighter)             Turns: 2791, Time: 00:03:01

Health: -4/68      AC: 11    Str: 24    XL:     8   Next: 67%
Magic:  8/8        EV:  6    Int:  7    God:
Gold:   66         SH:  5    Dex: 13    Spells: 7/7 levels left

rFire   . . .        a - +0 war axe
rCold   . . .        c - +0 buckler
rNeg    . . .        j - +0 plate armour
rPois   .            (helmet unavailable)
rElec   .            (no cloak)
rCorr   .            (no gloves)
SInv    +            (no boots)
Will    .....        (no amulet) Stlth
                     (no ring)
HPRegen 0.31/turn    (no ring)
MPRegen 0.11/turn

%: no passive effects
@: no status effects
A: permanent stasis, dig shafts and tunnels, antennae 3, four strong arms
a: Dig, Shaft Self


You were on level 4 of the Dungeon.
You visited 1 branch of the dungeon, and saw 4 of its levels.

You collected 220 gold pieces.
You spent 154 gold pieces at shops.

Inventory:

Hand Weapons
 a - a +0 war axe (weapon)
Missiles
 l - 10 poisoned darts
Armour
 c - a +0 buckler (worn)
 j - a +0 plate armour (worn)
Wands
 r - a wand of roots (5)
Scrolls
 e - 2 scrolls of identify {unknown}
 f - 2 scrolls of poison {unknown}
 g - a scroll of blinking {unknown}
 h - 3 scrolls of vulnerability {unknown}
 i - 4 scrolls of amnesia {unknown}
 o - a scroll of torment {unknown}
 p - 2 scrolls of enchant weapon {unknown}
 q - a scroll of enchant armour {unknown}
 t - a scroll of fear {unknown}
 x - a scroll of noise {unknown}
Potions
 b - 3 potions of curing
 d - 2 potions of might
 k - 2 potions of mutation
 m - 2 potions of enlightenment
 n - a potion of resistance {unknown}
 s - a potion of attraction {unknown}
 u - 2 potions of heal wounds {unknown}
 v - a potion of invisibility {unknown}
 w - a potion of lignification


   Skills:
 + Level 8.0 Fighting
 + Level 6.9 Axes
 - Level 3.2 Armour
 - Level 3.0 Stealth
 - Level 4.0 Shields


You had 7 spell levels left.
You didn't know any spells.
Your spell library contained the following spells:

 Spells                   Type           Power      Damage    Failure   Level
 Sandblast                Erth           0%         2d4       100%        1
 Passwall                 Erth           0%         N/A       100%        3
 Stone Arrow              Conj/Erth      0%         3d7       100%        3
 Brom's Barrelling Bould  Conj/Erth      0%         2d3       100%        4


Dungeon Overview and Level Annotations

Branches:
Dungeon (4/15)
 Temple: D:4-7

Altars:

Shops:
D:4 !


Innate Abilities, Weirdness & Mutations

You cannot be hasted, slowed, berserked, paralysed or teleported.
You can dig through walls and to a lower floor.
You have a pair of large antennae on your head. (SInv)
Your four strong arms can wield two-handed weapons with a shield.


Message History

Pikel barely misses you.
You hit Pikel.
Pikel is almost dead.
Pikel hits you with a +1 whip of flaming.
Pikel burns you.
You slash Pikel!
You kill Pikel!
With Pikel's spell broken, his former minions thank you for their freedom.
The lemure departs this earthly plane. x2
Your Fighting skill gained 2 levels and is now at level 8!
Your Axes skill increases to level 6!
Unknown command.
Aiming: Fastroot
Press: ? - help, Shift-Dir - straight line, f - ogre
Aim: an ogre, wielding a +0 giant spiked club (black smoke)
The roots erupt in riotous growth!
Roots grab the ogre.
The grasping roots constrict the ogre.
The ogre escapes!
Okay, then.
Throw: 11 darts (poison)
Press: ? - help, Shift-Dir - straight line, f/p - ogre
Aim: an ogre, wielding a +0 giant spiked club (black smoke, lightly wounded, 74% to hit)
You throw a poisoned dart. The poisoned dart hits the ogre.
The ogre is poisoned.
The ogre is lightly wounded.
Unknown command.
You slash the ogre!
The ogre is heavily wounded.
The ogre hits you with a +0 giant spiked club!
* * * LOW HITPOINT WARNING * * *
You hit the ogre.
The ogre is heavily wounded.
The ogre hits you with a +0 giant spiked club!
* * * LOW HITPOINT WARNING * * *
You barely miss the ogre.
The ogre is heavily wounded.
You barely miss the ogre.
The ogre is severely wounded.
The ogre hits you with a +0 giant spiked club!
You die...

. #.# . #.#
###########.#
#........##.#
#.######)##.# .
#.# #.##.# # #.#
#)##.# ,# # #.#
#.##.######.#####
# #.#
#.....@Og........
# #.#
##########..####.
# ##.## .....
###...## .#####
##.....### .#
...~~~~~... O#
##~~~~≈~~~# ,.#
~~~~≈≈≈~###### .#
#####≈###....#


You could see an ogre (poisoned) and a hobgoblin.

Vanquished Creatures
  Pikel (D:4)
  Eustachio (D:4)
  A phantom (D:4)
  2 kobold brigands (D:4)
  A scorpion (D:4)
  A howler monkey (D:4)
  A bombardier beetle (D:3)
  2 hounds (D:4)
  An iguana (D:4)
  3 gnolls (D:3)
  4 adders
  2 ribbon worms
  A dart slug (D:1)
  5 bats
  3 endoplasms
  5 giant cockroaches
  4 hobgoblins
  2 jackals (D:4)
  20 kobolds
  2 quokkas
  8 ball pythons
  2 frilled lizards (D:3)
  7 goblins
  2 rats (D:2)
81 creatures vanquished.

Notes
Turn   | Place    | Note
-------+----------+-------------------------------------------
     0 | D:1      | Bobbunny the Formicid Fighter began the quest for the Orb.
     0 | D:1      | Reached XP level 1. HP: 18/18 MP: 1/1
   181 | D:1      | Reached XP level 2. HP: 24/24 MP: 2/2
   384 | D:1      | Reached XP level 3. HP: 29/30 MP: 3/3
  1058 | D:2      | Found a faded altar of an unknown god.
  1065 | D:2      | Reached skill level 4 in Fighting
  1208 | D:2      | Reached XP level 4. HP: 37/37 MP: 4/4
  1676 | D:3      | Reached XP level 5. HP: 43/43 MP: 5/5
  1820 | D:3      | Reached skill level 5 in Fighting
  2136 | D:4      | Reached skill level 1 in Stealth
  2313 | D:4      | Reached XP level 6. HP: 49/51 MP: 6/6
  2537 | D:4      | Reached skill level 6 in Fighting
  2537 | D:4      | Reached XP level 7. HP: 58/58 MP: 7/7
  2574 | D:4      | Reached skill level 5 in Axes
  2623 | D:4      | Found Abbididgh's Distillery.
  2633 | D:4      | Bought a potion of lignification for 33 gold pieces
  2633 | D:4      | Bought a potion of curing for 33 gold pieces
  2633 | D:4      | Bought a potion of mutation for 88 gold pieces
  2758 | D:4      | Noticed Eustachio
  2762 | D:4      | Noticed Pikel
  2772 | D:4      | Killed Eustachio
  2782 | D:4      | Reached XP level 8. HP: 30/65 MP: 8/8
  2785 | D:4      | Killed Pikel
  2786 | D:4      | Reached skill level 8 in Fighting
  2791 | D:4      | Slain by an ogre

Illustrated notes

Levels and vault maps discovered:
D:1:      sevenhm_arrival_forest_fort_small_4, layout_basic
D:2:      layout_rooms, dreamdust_ecumenical_altar_statues
D:3:      layout_basic, chequers_serial_rivers_large_b
D:4:      cheibrodos_thug_alley, layout_loops_ring, serial_shops, shop_statue,
          uniq_grinder, uniq_eustachio, uniq_pikel, uniq_crazy_yiuf_cottage

Skill      XL: |  1  2  3  4  5  6  7  8 |
---------------+-------------------------+-----
Fighting       | 4 5 6 8 |  8.0
Axes           | 3 4 5 6 |  6.9
Stealth        | 1 3 |  3.0
Armour         | |  3.2
Shields        | |  4.0

Action                     |  1- 3 |  4- 6 |  7- 9 || total
---------------------------+-------+-------+-------++-------
  Melee: War axe           |    73 |   101 |    45 ||   219
  Throw: Dart              |       |       |     1 ||     1
  Evoke: Wand              |       |       |     1 ||     1
    Use: Potion            |       |     2 |       ||     2
 Armour: Scale mail        |    33 |       |       ||    33
         Plate armour      |    24 |    78 |    50 ||   152
  Dodge: Dodged            |    25 |    21 |    17 ||    63
  Block: Buckler           |    20 |    27 |    16 ||    63
